 Dungeon Sprint DCSS version 0.20.1-1-g8b1a95d (webtiles) character file.

578 Dyss the Grappler (level 7, -1/80 HPs)
             Began as a Troll Monk on July 26, 2017.
             Was a Believer of Okawaru.
             Slain by a sixfirhy (4 damage)
             ... summoned by a kobold demonologist
             ... while paralysed by a floating eye
             ... in the Dungeon (Sprint I: "Red Sonja").
             The game lasted 00:02:11 (197 turns).

Dyss the Grappler (Troll Monk)                       Turns: 197, Time: 00:02:12

Health: -1/80      AC:  5    Str: 22    XL:     7   Next: 13%
Magic:  6/6        EV:  1    Int:  6    God:    Okawaru [**....]
Gold:   270        SH:  0    Dex: 12    Spells: 6/6 levels left

rFire    . . .     SeeInvis .     - Unarmed
rCold    . . .     Gourm    +   (no shield)
rNeg     . . .     Faith    .   a - +0 robe
rPois    .         Spirit   .   (helmet restricted)
rElec    .         Reflect  .   (no cloak)
rCorr    .         Harm     .   (gloves unavailable)
MR       .....     NoTele   +   (boots unavailable)
Stlth    ++........             (no amulet)
Regen    0.7/turn               (no ring)
MPRegen  0.1/turn               (no ring)

@: paralysed
A: unfitting armour, claws 3, fast metabolism 3, gourmand, regeneration 1,
shaggy fur 1, tough skin 2
a: Heroism, Renounce Religion


You were in the Dungeon.
You worshipped Okawaru.
Okawaru was pleased with you.
You were completely stuffed.

You visited 1 branch You collected 270 gold pieces.

Inventory:

Armour
 a - a +0 robe (worn)
Scrolls
 h - a scroll of blinking
Potions
 c - a potion of curing
 d - a potion of heal wounds
 e - a potion of haste
 f - 2 potions of magic
 g - a potion of berserk rage
Comestibles
 b - 2 bread rations
 i - 2 chunks of flesh
 j - 3 fruits


   Skills:
 + Level 8.0 Fighting
 + Level 7.8 Dodging
 - Level 1.3 Stealth
 + Level 9.4 Unarmed Combat


You had 6 spell levels left.
You didn't know any spells.

Dungeon Overview and Level Annotations

Branches:
Dungeon (1/1)

Altars:
Cheibriados
Dithmenos
Elyvilon
Fedhas
Gozag
Hepliaklqana
Kikubaaqudgha
Makhleb
Nemelex Xobeh
Okawaru
Qazlal
Ru
Sif Muna
Trog
Uskayaw
Vehumet
Xom
Yredelemnul
Zin
The Shining One
Jiyva
Lugonu

Shops:
D *


Innate Abilities, Weirdness & Mutations

You are too large for most types of armour.
You have claws for hands.
Your metabolism is lightning-fast.
You like to eat raw meat.
Your natural rate of healing is unusually fast.
You are covered in fur. (AC +1)
You have very tough skin. (AC +2)


Message History

The kobold demonologist misses you.
The floating eye's stare focuses on you.
You scratch the kobold demonologist but do no damage.
The kobold demonologist is lightly wounded.
The kobold demonologist casts a spell.
The floating eye gazes piercingly through you!
You suddenly lose the ability to move!
The sixfirhy hits you. The sixfirhy shocks you! The sixfirhy hits you!
The sixfirhy shocks you! The sixfirhy hits you! The sixfirhy shocks you!
The sixfirhy hits you. The sixfirhy shocks you!
* * * LOW HITPOINT WARNING * * *
The orange demon stings you from afar!
* * * LOW HITPOINT WARNING * * *
The kobold demonologist miscasts a cantrip.
The ufetubus hits you but does no damage.
The ufetubus hits you.
* * * LOW HITPOINT WARNING * * *
The floating eye's view fixates on you. The sixfirhy hits you.
You die...

#####################
[').#..'..#__#..@K45#
.#..').#..'..'.5#3K.#
###'#####'#__####G..+
##..# #[#### ####
_#### ##.#
____##+#..+
.∩...'..._#
..__##_.#+# ____###+#


You could see an orange demon, 2 kobold demonologists, a sixfirhy, a floating
eye, a crimson imp and an ufetubus.

Vanquished Creatures
  A slime creature (D)
  A yak (D)
  Sigmund (D)
  An ogre (D)
  A jelly (D)
  Ijyb (D)
6 creatures vanquished.

Notes
Turn   | Place    | Note
-------+----------+-------------------------------------------
     0 | D        | Dyss the Troll Monk began the quest for the Orb.
     0 | D        | Reached XP level 1. HP: 22/22 MP: 0/0
     2 | D        | Noticed Ijyb
     8 | D        | Killed Ijyb
     8 | D        | Reached skill level 4 in Unarmed Combat
     8 | D        | Reached XP level 2. HP: 27/32 MP: 1/1
    10 | D        | Noticed an ogre
    19 | D        | Killed an ogre
    19 | D        | Reached skill level 5 in Fighting
    19 | D        | Reached skill level 6 in Unarmed Combat
    19 | D        | Reached XP level 3. HP: 29/42 MP: 2/2
    19 | D        | Reached XP level 4. HP: 34/50 MP: 3/3
    56 | D        | Noticed Sigmund
    60 | D        | Killed Sigmund
    60 | D        | Reached skill level 7 in Unarmed Combat
    60 | D        | Reached XP level 5. HP: 61/61 MP: 4/4
    78 | D        | Found a deep blue altar of Sif Muna.
    80 | D        | Found a radiant altar of Vehumet.
    84 | D        | Reached XP level 6. HP: 65/68 MP: 5/5
    93 | D        | Found Etohuopn's General Store.
    93 | D        | Found an ancient bone altar of Kikubaaqudgha.
    93 | D        | Found a hazy altar of Hepliaklqana.
    93 | D        | Found a stormy altar of Qazlal.
    93 | D        | Found a hide-covered altar of Uskayaw.
    93 | D        | Found a blossoming altar of Fedhas.
    93 | D        | Found a bloodstained altar of Trog.
    93 | D        | Found an iron altar of Okawaru.
    93 | D        | Found a basalt altar of Yredelemnul.
    93 | D        | Found a glowing golden altar of the Shining One.
    93 | D        | Found a snail-covered altar of Cheibriados.
    93 | D        | Found a sacrificial altar of Ru.
    93 | D        | Found a glowing silver altar of Zin.
    93 | D        | Found a shadowy altar of Dithmenos.
    93 | D        | Found a white marble altar of Elyvilon.
    93 | D        | Noticed a yak
    94 | D        | Found an opulent altar of Gozag.
    99 | D        | Killed a yak
    99 | D        | Reached skill level 8 in Unarmed Combat
   100 | D        | Found a sparkling altar of Nemelex Xobeh.
   106 | D        | Became a worshipper of Warmaster Okawaru
   106 | D        | Reached * piety under Okawaru
   106 | D        | Reached ** piety under Okawaru
   123 | D        | Found a burning altar of Makhleb.
   123 | D        | Found a viscous altar of Jiyva.
   123 | D        | Found a shimmering altar of Xom.
   123 | D        | Found a corrupted altar of Lugonu.
   123 | D        | Noticed a slime creature
   128 | D        | Killed a slime creature
   128 | D        | Reached skill level 9 in Unarmed Combat
   128 | D        | Reached XP level 7. HP: 51/80 MP: 6/6
   188 | D        | Noticed a kobold demonologist
   193 | D        | Noticed an orange demon
   193 | D        | Noticed a kobold demonologist
   194 | D        | Noticed a sixfirhy
   195 | D        | Paralysed by a floating eye for 2 turns
   196 | D        | HP: 3/80 [ufetubus[a kobold demonologist] (2)]
   197 | D        | Slain by a sixfirhy

Skill      XL: |  1  2  3  4  5  6 |
---------------+-------------------+-----
Fighting       | 3 5 6 8 |  8.0
Dodging        | 3 4 6 7 |  7.8
Unarmed Combat | 4 6 7 9 |  9.4
Stealth        | |  1.3

Action                   |  1- 3 |  4- 6 |  7- 9 || total
-------------------------+-------+-------+-------++-------
Melee: Unarmed           |    13 |    14 |     2 ||    29
       Punch             |       |     2 |       ||     2
 Stab: Sleeping          |     1 |       |       ||     1
  Eat: Chunk             |       |     6 |     1 ||     7
Armor: Robe              |     1 |     2 |     1 ||     4
Dodge: Dodged            |     4 |     4 |     3 ||    11
